 Dungeon Crawl Stone Soup version 0.30.1-9-gdf580d7c3d (webtiles) character file.

Game seed: 13985004196666312816

2639 KittyFluff the Protected (level 9, -2/56 HPs)
             Began as a Gargoyle Berserker on Oct 18, 2023.
             Was a Priest of Trog.
             Killed from afar by a steam dragon (16 damage)
             ... with a ball of steam
             ... on level 7 of the Dungeon.
             The game lasted 00:22:10 (5829 turns).

KittyFluff the Protected (Gargoyle Berserker)       Turns: 5829, Time: 00:22:11

Health: -2/56      AC: 14    Str: 26    XL:     9   Next: 61%
Magic:  9/9        EV: 13    Int:  7    God:    Trog [***...]
Gold:   204        SH:  5    Dex: 15    Spells: 8/8 levels left

rFire   . . .        a - +0 mace
rCold   . . .        (no shield)
rNeg    + . .        r - +0 leather armour
rPois   ∞            (no helmet)
rElec   +            t - +0 cloak
rCorr   .            w - +0 pair of gloves
SInv    .            m - +0 pair of boots
Will    .....        e - amulet of reflection
Stlth   +            g - +6 ring of dexterity
HPRegen 0.29/turn    (no ring)
MPRegen 0.11/turn

%: reflection
@: no status effects
A: sickness immunity, AC +6, negative energy resistance 1, electricity
resistance, torment resistance 1, petrification resistance
a: Renounce Religion, Berserk, Trog's Hand


You were on level 7 of the Dungeon.
You worshipped Trog.
Trog was most pleased with you.
You visited 1 branch of the dungeon, and saw 7 of its levels.

You collected 256 gold pieces.
You spent 52 gold pieces at shops.

Inventory:

Hand Weapons
 a - a +0 mace (weapon)
 f - a +0 sling
 z - a +2 shortbow of flaming
 M - a +2 quarterstaff of speed
Missiles
 v - 4 boomerangs (quivered)
Armour
 m - a +0 pair of boots (worn)
 r - a +0 leather armour (worn)
 t - a +0 cloak (worn)
 w - a +0 pair of gloves (worn)
Jewellery
 e - an amulet of reflection (around neck)
 g - a +6 ring of dexterity (left hand)
 B - a +6 ring of intelligence
 H - a ring of protection from cold
 J - an amulet of the acrobat
Wands
 x - a wand of flame (21)
 L - a wand of iceblast (7)
Scrolls
 b - 4 scrolls of teleportation {unknown}
 c - a scroll of poison {unknown}
 j - 2 scrolls of magic mapping {unknown}
 k - a scroll of noise {unknown}
 n - 3 scrolls of fog {unknown}
 s - a scroll of fear {unknown}
 u - a scroll of silence {unknown}
 y - a scroll of vulnerability {unknown}
 F - a scroll of summoning {unknown}
 G - a scroll of enchant armour {unknown}
 I - 2 scrolls of enchant weapon {unknown}
Potions
 d - 2 potions of lignification
 h - 2 potions of cancellation
 i - 2 potions of curing
 l - 2 potions of ambrosia {unknown}
 o - 2 potions of flight {unknown}
 p - a potion of mutation {unknown}
 q - 4 potions of haste {unknown}
 A - a potion of attraction {unknown}
 C - a potion of invisibility {unknown}
 D - a potion of might
 E - a potion of brilliance {unknown}
 K - a potion of degeneration {unknown}


   Skills:
 + Level 6.6 Fighting
 * Level 7.9 Maces & Flails
 * Level 8.5 Armour
 + Level 4.6 Dodging


You had 8 spell levels left.
You didn't know any spells.
Your spell library was empty.

Dungeon Overview and Level Annotations

Branches:
Dungeon (7/15)             Temple (0/1) D:5

Altars:
Hepliaklqana
Kikubaaqudgha
Nemelex Xobeh
Sif Muna
Vehumet
Xom

Shops:
D:3 *


Innate Abilities, Weirdness & Mutations

You are immune to sickness and miasma.
Your stone body is resilient. (AC +6)
You are immune to poison.
You resist negative energy. (rN+)
You are resistant to electric shocks. (rElec)
You are resistant to unholy torment.
You are immune to petrification.


Message History

You sock the killer bee!
The killer bee is severely wounded.
The killer bee stings you but does no damage.
The killer bee barely misses you.
You miss the killer bee.
The killer bee is severely wounded.
The killer bee stings you but does no damage. x2
You closely miss the killer bee.
The killer bee is severely wounded.
The killer bee stings you but does no damage. x2
You barely miss the killer bee.
The killer bee is severely wounded.
The killer bee stings you. x2
* * * LOW HITPOINT WARNING * * *
You hit the killer bee.
The killer bee is severely wounded.
The killer bee stings you but does no damage.
The killer bee closely misses you.
You thump the killer bee!
You kill the killer bee!
Trog accepts your kill. You block the killer bee's attack.
You miss the killer bee. The killer bee closely misses you.
You block the killer bee's attack.
You hit the killer bee but do no damage.
The killer bee stings you.
* * * LOW HITPOINT WARNING * * *
The killer bee barely misses you.
You hit the killer bee.
The killer bee is lightly wounded.
The killer bee closely misses you. The killer bee barely misses you.
You sock the killer bee!
The killer bee is heavily wounded.
You block the killer bee's attack. x2
You sock the killer bee!
You kill the killer bee!
Trog accepts your kill. The steam dragon breathes steam at you.
The ball of steam hits you!
You die...

.....)....#..#######..###....#
............ #...###....#
#..........# ###..###.....#
...........# #....###.#####
#.........## ##....#...#
#.........## #..####.###
#..........# ##..##...# .
#..........####...#..###
..#...........D§@.#.#)##
............#..##...).#
#...........#.##...####
##..........##.....#
#.......)....†##.##
......#####..†....# ......
#>....##..## ......
#)##..#...# .....
##.##....#..#


You could see a steam dragon (catching breath).

Vanquished Creatures
  Joseph (D:7)
  A wyvern (D:6)
  Menkaure (D:4)
  A water moccasin (D:6)
  3 sky beasts
  2 ogres
  A phantom (D:5)
  2 centaurs
  3 bullfrogs
  A gnoll sergeant (D:6)
  A scorpion (D:5)
  3 wights (D:6)
  4 killer bees (D:7)
  A jelly (D:4)
  4 hounds
  Crazy Yiuf (D:4)
  A gnoll bouda (D:5)
  An orc priest (D:7)
  2 orc wizards
  Ijyb (D:4)
  An iguana (D:3)
  17 gnolls
  6 adders
  3 shadow imps
  A white imp (D:6)
  2 ufetubi
  3 dart slugs
  9 orcs
  3 bats
  8 endoplasms
  2 giant cockroaches
  7 goblins
  9 hobgoblins
  12 jackals
  A quokka (D:1)
  10 ball pythons
  2 frilled lizards
  6 kobolds
  5 rats
142 creatures vanquished.

Notes
Turn   | Place    | Note
-------+----------+-------------------------------------------
     0 | D:1      | KittyFluff the Gargoyle Berserker began the quest for the
                  | Orb.
     0 | D:1      | Reached XP level 1. HP: 14/14 MP: 1/1
   183 | D:1      | Reached XP level 2. HP: 16/19 MP: 2/2
   471 | D:2      | Reached XP level 3. HP: 19/23 MP: 3/3
   619 | D:2      | Reached ** piety under Trog
   640 | D:2      | Found a faded altar of an unknown god.
   669 | D:2      | Reached skill level 3 in Armour
   808 | D:2      | Reached XP level 4. HP: 17/29 MP: 4/4
  1199 | D:3      | Reached XP level 5. HP: 33/33 MP: 5/5
  1318 | D:3      | Found Zooguxka's General Store.
  1861 | D:3      | Found a hazy altar of Hepliaklqana.
  1944 | D:3      | Found a radiant altar of Vehumet.
  1944 | D:3      | Found an ancient bone altar of Kikubaaqudgha.
  1945 | D:3      | Found a shimmering blue altar of Sif Muna.
  2041 | D:3      | Bought a scroll of identify for 26 gold pieces
  2041 | D:3      | Bought a scroll of identify for 26 gold pieces
  2148 | D:4      | Reached skill level 4 in Armour
  2395 | D:4      | Found a runed translucent door.
  2396 | D:4      | Noticed Crazy Yiuf
  2409 | D:4      | Killed Crazy Yiuf
  2410 | D:4      | Reached XP level 6. HP: 17/38 MP: 6/6
  2575 | D:4      | Reached *** piety under Trog
  2693 | D:4      | Noticed Menkaure
  2700 | D:4      | Killed Menkaure
  3062 | D:4      | Noticed Ijyb
  3080 | D:4      | Killed Ijyb
  3081 | D:4      | Reached XP level 7. HP: 12/44 MP: 7/7
  3509 | D:5      | Entered Level 5 of the Dungeon
  3509 | D:5      | Found a staircase to the Ecumenical Temple.
  3516 | D:5      | Reached skill level 5 in Maces & Flails
  3516 | D:5      | Reached skill level 5 in Armour
  4361 | D:5      | Reached skill level 5 in Fighting
  4408 | D:5      | Found a sparkling altar of Nemelex Xobeh.
  4494 | D:6      | Found a shimmering altar of Xom.
  4529 | D:6      | Reached XP level 8. HP: 49/49 MP: 8/8
  4543 | D:6      | Reached skill level 6 in Armour
  4812 | D:6      | Reached skill level 7 in Armour
  5203 | D:6      | Reached XP level 9. HP: 26/55 MP: 9/9
  5667 | D:7      | Noticed Joseph
  5687 | D:7      | Killed Joseph
  5688 | D:7      | Reached skill level 8 in Armour
  5829 | D:7      | Killed from afar by a steam dragon

Illustrated notes

Levels and vault maps discovered:
D:1:      scummos_arrival_hexagon, layout_rooms, item_on_display_a
D:2:      layout_basic, ebering_ecumenical_altar_box
D:3:      layout_loops_ring, grunt_temple_overflow_magic_moments,
          mainiacjoe_overflow_alcove_2, serial_shops, shop
D:4:      layout_loops_ring, uniq_crazy_yiuf_cottage, uniq_ijyb, uniq_menkaure
D:5:      nicolae_cairo_tiling_very_big, layout_gridville,
          nemelex_diamond_rough_becter, minmay_temple_entry_statues_fountains
D:6:      layout_cave_pools, lemuel_crystal_altar
D:7:      layout_rooms, uniq_joseph

Skill      XL: |  1  2  3  4  5  6  7  8  9 |
---------------+----------------------------+-----
Armour         | 3 4 5 7 8 |  8.5
Dodging        | 2 3 4 |  4.6
Maces & Flails | 4 5 7 |  7.9
Fighting       | 4 5 6 |  6.6

Action                     |  1- 3 |  4- 6 |  7- 9 || total
---------------------------+-------+-------+-------++-------
  Melee: Mace              |    80 |   180 |   391 ||   651
         Punch             |       |     3 |     7 ||    10
 Invoke: Berserk           |       |     3 |     4 ||     7
    Use: Scroll            |       |     2 |     1 ||     3
   Stab: Sleeping          |       |     2 |       ||     2
         Distracted        |       |       |     1 ||     1
 Armour: Animal skin       |    23 |    32 |       ||    55
         Leather armour    |       |    21 |   188 ||   209
  Dodge: Dodged            |    54 |    83 |   237 ||   374
  Block: Other             |     6 |    36 |    99 ||   141
         Reflection        |       |       |     2 ||     2
